 Dungeon Crawl Stone Soup version 0.26-a0-451-gacbe401039 (webtiles) character file.

Game seed: 3576938300844436429

39 MrRokkomies the Vexing (level 3, -3/20 HPs)
             Began as a Deep Elf Arcane Marksman on July 28, 2020.
             Slain by an adder (5 damage)
             ... on level 2 of the Dungeon.
             The game lasted 00:03:14 (1737 turns).

MrRokkomies the Vexing (Deep Elf Arcane Marksman)   Turns: 1737, Time: 00:03:14

Health: -3/20      AC:  2    Str:  7    XL:     3   Next: 28%
Magic:  7/7        EV: 13    Int: 18    God:
Gold:   44         SH:  0    Dex: 15    Spells: 2/5 levels left

rFire    . . .     SeeInvis +   a - +0 shortbow
rCold    . . .     Faith    .   (shield currently unavailable)
rNeg     . . .     Spirit   .   e - +0 robe
rPois    .         Reflect  .   (no helmet)
rElec    .         Harm     .   (no cloak)
rCorr    .                      (no gloves)
MR       .....                  (no boots)
Stlth    +.........             (no amulet)
HPRegen  0.06/turn              g - ring of see invisible
MPRegen  0.10/turn              (no ring)

@: no status effects
A: no striking features
a: no special abilities


You were on level 2 of the Dungeon.
You visited 1 branch of the dungeon, and saw 2 of its levels.

You collected 44 gold pieces.

Inventory:

Hand Weapons
 a - a +0 shortbow (weapon)
 b - a +0 spear
Armour
 e - a +0 robe (worn)
Jewellery
 g - a ring of see invisible (left hand)
Potions
 c - a potion of curing
 d - a potion of degeneration {unknown}


   Skills:
 - Level 0.7 Fighting
 * Level 3.7 Bows
 + Level 3.0 Dodging
 - Level 1.5 Spellcasting
 * Level 4.8 Hexes


You had 2 spell levels left.
You knew the following spells:

 Your Spells              Type           Power        Failure   Level
a - Corona                Hex            ###....      2%          1
b - Slow                  Hex            ###.....     4%          2

Your spell library contained the following spells:

 Spells                   Type           Power        Failure   Level
 Inner Flame              Hex/Fire       ##......     22%         3
 Portal Projectile        Hex/Tloc       ##....       22%         3
 Cause Fear               Hex            ###.......   26%         4
 Leda's Liquefaction      Hex/Erth       ##........   56%         4


Dungeon Overview and Level Annotations

Branches:
Dungeon (2/15)

Altars:


Message History

A frilled lizard comes into view.
The adder barely misses you.
The frilled lizard hisses angrily.
You hear an angry hiss. x3
You hear a shout!
It was a potion of curing.
You feel better.
You hear a shout!
The adder bites you but does no damage.
The frilled lizard unfolds its giant frill.
A goblin comes into view. It is wielding a -1 dagger.
The howler monkey hoots and howls with incredible vigour!
A dart slug comes into view.
The worm bites you.
* * * LOW HITPOINT WARNING * * *
The adder closely misses you.
A frilled lizard comes into view.
Found a pair of embroidered boots.
The adder bites you.
* * * LOW HITPOINT WARNING * * *
The adder bites you.
You die...

........#. #...#.....
#....... #.....(##
### #.....(.# ..
#...(<##.# #........#
#....##.## .
###...###@###...
r..#.....w#S..>w.##
......rl...g.........
.......#...##l....##.
....##.#...#....g...
... .(#.............
#. ..##....l........
. ..# #.............
.# #.#..........


You could see an adder, a dart slug (wandering), a hobgoblin, a goblin and 2
frilled lizards.

Vanquished Creatures
  An adder (D:1)
  A dart slug (D:1)
  3 leopard geckos (D:1)
  5 bats
  5 giant cockroaches (D:1)
  A goblin (D:1)
  A hobgoblin (D:1)
  A jackal (D:1)
  A ball python (D:1)
  A frilled lizard (D:2)
  4 kobolds (D:1)
  A rat (D:1)
25 creatures vanquished.

Notes
Turn   | Place    | Note
-------+----------+-------------------------------------------
     0 | D:1      | MrRokkomies the Deep Elf Arcane Marksman began the quest
                  | for the Orb.
     0 | D:1      | Reached XP level 1. HP: 11/11 MP: 5/5
   346 | D:1      | Reached XP level 2. HP: 16/16 MP: 6/6
   350 | D:1      | Learned a level 2 spell: Slow
  1440 | D:1      | Reached XP level 3. HP: 16/20 MP: 7/7
  1737 | D:2      | Slain by an adder

Illustrated notes

Levels and vault maps discovered:
D:1:      saegor_arrival_simple_e, layout_basic, serial_rivers,
          chequers_serial_rivers_large_a, chequers_serial_rivers_micro_d,
          chequers_serial_rivers_marsh, chequers_serial_rivers_small_b,
          chequers_serial_rivers_room_a, chequers_serial_rivers_small_3,
          minmay_misc_feat_doors, hangedman_abyss_or_decor_lesser_grid,
          minmay_tetromino_o4
D:2:      layout_rooms, nicolae_qazlal_general_emergency, fountainhead,
          st_stairs_6, uniq_sigmund

Skill      XL: |  1  2  3 |
---------------+----------+-----
Bows           | 3 |  3.7
Dodging        | 3 |  3.0
Fighting       | |  0.7
Spellcasting   | |  1.5
Hexes          | |  4.8

Action                   || total
-------------------------++-------
Melee: Spear             ||    27
 Fire: Shortbow          ||    69
  Use: Scroll            ||     2
       Potion            ||     1
 Stab: Sleeping          ||     2
Armor: Robe              ||    11
Dodge: Dodged            ||    46

Table legend: (Time is in decaauts)
 A = Elapsed time spent in this place.
 B = Non-inter-level travel time spent in this place.
 C = Inter-level travel time spent in this place.
 D = Time resting spent in this place.
 E = Time spent auto-exploring this place.
 F = Levels seen in this place.
 G = Mean time per level.
                   A        B        C        D        E       F      G
               +--------+--------+--------+--------+--------+-----+--------+
         Total |   1766 |   1738 |     28 |    609 |    920 |   2 |  883.0 |
       Dungeon |   1766 |   1738 |     28 |    609 |    920 |   2 |  883.0 |
               +--------+--------+--------+--------+--------+-----+--------+

Top non-repeatable levels by time:
     D:1: 1728 daAuts
     D:2: 37 daAuts
